 Dungeon Crawl Stone Soup version 0.17-a0-1954-g0dddeaa (webtiles) character file.

22302 Kangaxx the Destroyer (level 12, 0/59 HPs)
             Began as a Deep Elf Wizard on Oct 4, 2015.
             Was an Elder of Vehumet.
             Slain by a blink frog (7 damage)
             ... on level 4 of the Lair of Beasts.
             The game lasted 01:28:04 (16905 turns).

Kangaxx the Destroyer (Deep Elf Wizard)            Turns: 16905, Time: 01:28:05

Health: 0/59       AC: 12    Str:  4    XL:     12   Next: 61%
Magic:  5/27       EV: 16    Int: 29    God:    Vehumet [****..]
Gold:   941        SH:  0    Dex: 13    Spells: 9 memorised, 6 levels left

rFire  + . .     SeeInvis .     c - +12 Glaive of Prune {chop}
rCold  . . .     Clarity  .     S - +2 robe
rNeg   . . .     SustAt   .     (no shield)
rPois  .         Gourm    .     b - +0 hat
rElec  .         Spirit   .     X - +2 cloak {+Inv}
rCorr  .         Warding  .     I - +2 pair of gloves
rMut   .         Stasis   .     G - +1 pair of boots
MR     +....                    (no amulet)
Stlth  +++++.....               E - ring of stealth
                                V - ring of protection from fire

@: repel missiles, somewhat resistant to hostile enchantments, quite stealthy
A: no striking features
a: Renounce Religion, Evoke Invisibility


You were on level 4 of the Lair of Beasts.
You worshipped Vehumet.
Vehumet was greatly pleased with you.
You were hungry.

You visited 3 branches of the dungeon, and saw 15 of its levels.
You also visited: Volcano.

You collected 941 gold pieces.

Inventory:

Hand weapons
 c - the +12 Glaive of Prune (weapon) {chop}
   (You found it on level 3 of the Lair of Beasts)

   It inflicts extra damage upon your enemies.
Missiles
 p - 7 curare-tipped needles
 H - 143 arrows
Armour
 b - a +0 hat (worn)
 G - a +1 pair of boots (worn)
 I - a +2 pair of gloves (worn)
 S - a +2 robe (worn)
 X - a +2 cloak of invisibility (worn)
Jewellery
 g - an uncursed ring of sustain attributes
 s - an uncursed amulet of stasis
 E - a ring of stealth (right hand)
 N - an uncursed ring of protection from cold
 U - an uncursed ring of positive energy
 V - a ring of protection from fire (left hand)
Magical devices
 w - a wand of frost (15)
 z - a wand of polymorph (17)
 B - a wand of slowing (31)
 L - a wand of slowing (24)
 M - a wand of frost (2)
Scrolls
 e - a scroll of brand weapon {unknown}
 i - 4 scrolls of amnesia
 j - 11 scrolls of remove curse
 l - 2 scrolls of enchant weapon
 v - 2 scrolls of fear
 A - 6 scrolls of teleportation
 D - a scroll of fog
 Y - a scroll of random uselessness
Potions
 a - 3 potions of berserk rage {unknown}
 f - a potion of brilliance
 h - a potion of invisibility
 k - a potion of mutation {unknown}
 o - a potion of magic {unknown}
 r - 3 potions of resistance
 t - 2 potions of curing
 y - 2 potions of haste
 C - 3 potions of might {unknown}
 Q - a potion of lignification {unknown}
 W - 3 potions of heal wounds {unknown}
Comestibles
 d - 13 bread rations
 n - 6 meat rations
 q - 4 royal jellies
 x - 6 beef jerkies


   Skills:
 + Level 8.4 Dodging
 + Level 8.1 Stealth
 + Level 9.5 Spellcasting
 * Level 10.3 Conjurations
 + Level 8.7 Charms
   Level 1.1 Summonings
 + Level 6.9 Translocations
 + Level 5.3 Transmutations
 + Level 6.5 Fire Magic
 + Level 6.6 Air Magic
 + Level 5.0 Earth Magic
 + Level 6.5 Poison Magic
 + Level 2.9 Evocations


You had 6 spell levels left.
You knew the following spells:

 Your Spells              Type           Power        Failure   Level  Hunger
a - Magic Dart            Conj           ####         1%          1    None
b - Blink                 Tloc           N/A          1%          2    None
c - Repel Missiles        Chrm/Air       ######       1%          2    None
d - Iskenderun's Mystic   Conj           ######..     1%          4    None
e - Conjure Flame         Conj/Fire      ######..     1%          3    None
f - Bolt of Magma         Conj/Fire/Erth ######....   2%          5    ####...
h - Mephitic Cloud        Conj/Pois/Air  ######..     1%          3    None
m - Stoneskin             Trmt/Erth      #####...     1%          2    None
q - Sticks to Snakes      Trmt           #####.....   1%          2    None


Dungeon Overview and Level Annotations

Branches:
Dungeon (10/15)            Temple (1/1) D:5            Lair (4/8) D:9
  Swamp: Lair:3-6    Shoals: Lair:3-6     Snake: Lair:3-6    Spider: Lair:3-6
    Orc: D:9-12

Altars:
Cheibriados
Gozag
Kikubaaqudgha
Okawaru
Ru
Sif Muna
Trog
Vehumet
Yredelemnul
The Shining One

Annotations:
Lair:3 Vergil's ghost, powerful DgFE


Message History

You blink.
The blink frog blinks!
The blink frog blinks!
The blink frog blinks!
The blink frog blinks!
The blink frog hits you!
The blink frog blinks!
Casting: Blink
Confirm with . or Enter, or press ? or * to list all spells.
Aiming: Bolt of Magma
Press: ? - help, Shift-Dir - straight line, f - blink frog
Aim: a blink frog The bolt of magma hits the blink frog.
The blink frog is heavily wounded.
The blink frog hits you!
* * * LOW HITPOINT WARNING * * *
The blink frog blinks!
Casting: Bolt of Magma
Confirm with . or Enter, or press ? or * to list all spells.
You blink.
The blink frog hits you but does no damage.
The blink frog hits you!
You die...

*#....##......##......#.......,,.
.#.<..#........#............#*...
##....#........#.....##.....##...
...............#....§.#.....#.#.#
##..###.......###P.F##...........
..#.###........###.####..........
.................................
................F................
................@................
...............<.................
.............P##....#.#..........
#.##...#.#...####.#..###§.#..##.#
.##P.#####...##...........###....
#.............#.....[.....##.....
.........#............P...##.....
##.......#...#.........P..P#.....
*#####.###......###PP##...##.....


You could see 2 blink frogs.

Vanquished Creatures
  Harold (Lair:3)
  Erolcha (D:9)
  2 hydras
  Erica (D:9)
  The ghost of zoolka the Blocker, an experienced FoFi of Makhleb (D:9)
  A griffon (Lair:3)
  A lindwurm (Volcano)
  2 elephants (Lair:3)
  Joseph (D:8)
  2 black mambas
  8 spiny frogs
  Psyche (D:9)
  A gargoyle (Volcano)
  3 molten gargoyles (Volcano)
  2 komodo dragons
  A troll (D:9)
  2 fire drakes
  A two-headed ogre (D:8)
  9 blink frogs
  A fire elemental (Volcano)
  6 hippogriffs
  10 yaks
  5 wolves (Lair:3)
  9 water moccasins
  4 orc warriors
  3 phantoms
  A wasp (D:8)
  4 centaurs
  5 porcupines
  2 ogres
  2 ice beasts
  4 crocodiles
  2 big kobolds (D:9)
  10 giant frogs
  3 scorpions
  4 wights (D:6)
  5 killer bees
  2 electric eels (Lair:3)
  3 crimson imps
  A giant frog zombie (D:9)
  5 orc priests
  7 hounds
  A jelly (D:6)
  2 centaur skeletons
  2 orc wizards
  A gnoll shaman (D:7)
  8 worker ants
  7 iguanas
  6 sheep (Lair:3)
  A hound zombie (D:6)
  A worker ant zombie (D:7)
  3 hound skeletons
  10 adders
  14 gnolls
  17 river rats
  A shadow imp (D:6)
  3 oozes
  4 adder skeletons
  5 worms
  28 orcs
  A ball python (D:5)
  7 giant cockroaches
  6 hobgoblins
  6 jackals
  15 kobolds
  A quokka (D:7)
  6 bats
  A giant cockroach zombie (D:6)
  2 giant geckos
  10 giant newts
  11 goblins
  A jackal skeleton (D:4)
  A quokka skeleton (D:4)
  4 rats
  A spectral orc (D:6)
326 creatures vanquished.

Vanquished Creatures (collateral kills)
  2 killer bees (D:8)
2 creatures vanquished.

Vanquished Creatures (others)
  A scorpion (D:9)
  A killer bee (D:9)
  A sheep (Lair:3)
  16 fungi
  3 plants
22 creatures vanquished.

Grand Total: 350 creatures vanquished

Notes
Turn   | Place    | Note
--------------------------------------------------------------
     0 | D:1      | Kangaxx the Deep Elf Wizard began the quest for the Orb.
     0 | D:1      | Reached XP level 1. HP: 10/10 MP: 7/7
    89 | D:1      | Reached XP level 2. HP: 7/15 MP: 0/9
   928 | D:2      | Reached XP level 3. HP: 19/19 MP: 8/11
   932 | D:2      | Learned a level 2 spell: Blink
   936 | D:2      | Learned a level 2 spell: Repel Missiles
   941 | D:2      | Learned a level 3 spell: Mephitic Cloud
   945 | D:2      | Learned a level 3 spell: Conjure Flame
  1327 | D:2      | Found a deep blue altar of Sif Muna.
  1446 | D:2      | Reached XP level 4. HP: 24/24 MP: 2/12
  1817 | D:3      | Reached skill level 5 in Spellcasting
  2215 | D:3      | Reached XP level 5. HP: 28/28 MP: 5/14
  2651 | D:4      | Reached skill level 1 in Charms
  2652 | D:4      | Reached skill level 1 in Air Magic
  2740 | D:4      | Reached XP level 6. HP: 32/32 MP: 11/15
  2831 | D:4      | Reached skill level 1 in Fire Magic
  3187 | D:4      | Noticed an ogre
  3194 | D:4      | Killed an ogre
  3260 | D:4      | Reached skill level 1 in Poison Magic
  3382 | D:5      | Entered Level 5 of the Dungeon
  3393 | D:5      | Reached XP level 7. HP: 32/36 MP: 1/17
  3913 | D:5      | Reached skill level 5 in Conjurations
  3964 | D:5      | Found a sacrificial altar of Ru.
  3965 | D:5      | Found a bloodstained altar of Trog.
  3965 | D:5      | Found an iron altar of Okawaru.
  3965 | D:5      | Found a radiant altar of Vehumet.
  3980 | D:5      | Became a worshipper of Vehumet
  4013 | D:5      | Found a staircase to the Ecumenical Temple.
  4123 | Temple   | Entered the Ecumenical Temple
  4129 | D:5      | Learned a level 2 spell: Sticks to Snakes
  4742 | D:6      | Reached skill level 6 in Spellcasting
  4742 | D:6      | Reached XP level 8. HP: 41/41 MP: 7/19
  5367 | D:6      | Reached skill level 5 in Stealth
  5513 | D:6      | Found an opulent altar of Gozag.
  5656 | D:6      | Reached skill level 5 in Dodging
  5757 | D:6      | Found a basalt altar of Yredelemnul.
  5761 | D:6      | Acquired Vehumet's first power
  5761 | D:6      | Offered knowledge of Sandblast by Vehumet.
  6210 | D:7      | Found a deep blue altar of Sif Muna.
  6457 | D:7      | Reached XP level 9. HP: 45/45 MP: 5/21
  6737 | D:7      | Offered knowledge of Throw Flame by Vehumet.
  6753 | D:7      | Reached skill level 1 in Transmutations
  6998 | D:8      | Reached skill level 7 in Spellcasting
  7325 | D:8      | Reached skill level 5 in Charms
  7639 | D:8      | Noticed Joseph
  7666 | D:8      | Killed Joseph
  8239 | D:9      | Noticed zoolka's ghost (experienced FoFi)
  8519 | D:9      | Noticed Erica
  8613 | D:9      | Found an ancient bone altar of Kikubaaqudgha.
  8639 | D:9      | Killed Erica
  8639 | D:9      | Reached XP level 10. HP: 36/50 MP: 18/23
  8648 | D:9      | Noticed Psyche
  8676 | D:9      | Killed Psyche
  8774 | D:9      | Reached skill level 8 in Spellcasting
  8786 | D:9      | Offered knowledge of Stone Arrow by Vehumet.
  8924 | D:9      | Learned a level 4 spell: Iskenderun's Mystic Blast
  8928 | D:9      | Learned a level 3 spell: Stone Arrow
  8962 | D:9      | Reached skill level 5 in Translocations
  9033 | D:9      | HP: 2/50 [zoolka's ghost (6)]
  9048 | D:9      | Killed zoolka's ghost
  9048 | D:9      | Reached skill level 5 in Fire Magic
  9049 | D:9      | Found a staircase to the Lair.
  9064 | D:8      | Reached skill level 1 in Earth Magic
  9413 | D:9      | Acquired Vehumet's second power
  9538 | D:9      | Noticed Erolcha
  9698 | D:9      | Found a snail-covered altar of Cheibriados.
  9728 | D:9      | Killed Erolcha
  9728 | D:9      | Reached skill level 5 in Air Magic
  9728 | D:9      | Reached skill level 5 in Poison Magic
 10116 | D:9      | Found a glowing golden altar of the Shining One.
 10336 | D:10     | Entered Level 10 of the Dungeon
 10469 | Lair:1   | Entered Level 1 of the Lair of Beasts
 10508 | Lair:2   | Reached XP level 11. HP: 54/54 MP: 2/25
 10654 | Lair:2   | Learned a level 5 spell: Bolt of Magma
 11272 | Lair:2   | Offered knowledge of Ignite Poison by Vehumet.
 11525 | Lair:2   | Noticed a seven-headed hydra
 11963 | Lair:2   | Killed a seven-headed hydra
 11963 | Lair:2   | Reached skill level 9 in Spellcasting
 12377 | Lair:1   | Reached skill level 1 in Evocations
 12795 | Lair:1   | Noticed a black mamba
 12884 | Lair:1   | Killed a black mamba
 13521 | Lair:3   | Learned a level 2 spell: Stoneskin
 13837 | Lair:3   | Noticed Vergil's ghost (powerful DgFE)
 14043 | Lair:3   | Noticed Harold
 14043 | Lair:3   | Noticed a seven-headed hydra
 14163 | Lair:3   | Killed a seven-headed hydra
 14163 | Lair:3   | Reached XP level 12. HP: 59/59 MP: 11/27
 14530 | Lair:3   | Acquired Vehumet's third power
 14830 | Lair:3   | Reached skill level 5 in Transmutations
 15003 | Lair:3   | Killed Harold
 15185 | Lair:3   | Offered knowledge of Airstrike by Vehumet.
 15474 | Lair:4   | Reached skill level 10 in Conjurations
 15604 | Lair:4   | Found a dark tunnel.
 15613 | Volcano  | Entered a volcano
 16058 | Volcano  | Reached skill level 5 in Earth Magic
 16905 | Lair:4   | Slain by a blink frog

Vault maps used:
D:1:      mrwooster_arrival_arrow, minmay_door_square
D:2:      minivault_4, lemuel_tele_altar
D:3:      minmay_fountain_box, kennysheep_generic_room_3
D:4:      first_bread
D:5:      grunt_temple_overflow_open, minmay_temple_entry_hall
D:6:      grunt_gozag_statues, yredelemnul_forgotten_temple_becter
D:7:      led_sif_pool, grunt_ogre_cave
D:8:      kennysheep_generic_room_8, uniq_joseph
D:9:      nicolae_tso_swordbearing_angel, lemuel_crystal_altar,
          lemuel_doored_altar, lair_0_dummy, st_stairs_13, hive_lemuel,
          uniq_psyche, uniq_erica, uniq_erolcha
Temple:   jpeg_temple_clearing_9
Lair:1:   serial_bayou_shore_b
Lair:2:   grunt_megastairs_5, infiniplex_staircase_pool_2
Lair:3:   grunt_megastairs_2, uniq_harold
Lair:4:   enter_volcano_2
Volcano:  volcano_aerie

Action                   |  1- 3 |  4- 6 |  7- 9 | 10-12 || total
-------------------------+-------+-------+-------+-------++-------
Melee: Whip              |       |       |     4 |       ||     4
       Trident           |       |       |    36 |    45 ||    81
       Glaive            |       |       |       |    13 ||    13
 Cast: Magic Dart        |   105 |   134 |   378 |   131 ||   748
       Conjure Flame     |       |     9 |    27 |    10 ||    46
       Mephitic Cloud    |       |     2 |    20 |    22 ||    44
       Repel Missiles    |       |     1 |     1 |     1 ||     3
       Blink             |       |     1 |     8 |    14 ||    23
       Sticks to Snakes  |       |       |     5 |     8 ||    13
       Iskenderun's Myst |       |       |       |   221 ||   221
       Stone Arrow       |       |       |       |     8 ||     8
       Bolt of Magma     |       |       |       |    13 ||    13
       Stoneskin         |       |       |       |     3 ||     3
Evoke: Wand              |       |       |     3 |    17 ||    20
  Use: Scroll            |       |       |     7 |    11 ||    18
       Potion            |       |       |     1 |     8 ||     9
 Stab: Confused          |       |       |       |     4 ||     4
  Eat: Chunk             |     1 |     6 |    12 |    28 ||    47
       Beef jerky        |       |       |     2 |     1 ||     3
